 Dungeon Crawl Stone Soup version 0.16-a0-309-g112360f (webtiles) character file.

515 Mokocchi the Vexing (level 7, -5/36 HPs)
             Began as a Spriggan Enchanter on Aug 31, 2014.
             Shot with an arrow by a centaur (13 damage)
             ... on Level 4 of the Dungeon.
             The game lasted 00:21:08 (3305 turns).

Mokocchi the Vexing (Spriggan Enchanter)            Turns: 3305, Time: 00:21:08

HP  -5/36        AC  4     Str  4      XL: 7   Next:  0%
MP  16/19        EV 18     Int 17      God:
Gold 176         SH  0     Dex 18      Spells:  4 memorised,  2 levels left

rFire  . . .     SeeInvis +     p - +1 hunting sling (velocity)
rCold  . . .     Clarity  .     b - +1 robe
rNeg   . . .     rCorr    .     (shield restricted)
rPois  .         rRot     .     (helmet restricted)
rElec  .         Spirit   .     i - +0 cloak
SustAb +         Warding  .     (gloves unavailable)
rMut   .         Stasis   .     (boots unavailable)
Gourm  .                        (no amulet)
MR     +....                    (no ring)
                                n - ring of sustain abilities

@: very quick, somewhat resistant to hostile enchantments, fairly stealthy
A: unfitting armour, see invisible, herbivore 3, speed 3, slow metabolism 2
a: no special abilities


You were on level 4 of the Dungeon.
You were full.

You visited 1 branch of the dungeon, and saw 4 of its levels.

You collected 176 gold pieces.

Inventory:

Hand weapons
 a - a +2 dagger
 p - a +1 hunting sling of velocity (weapon)
Missiles
 f - 19 poisoned needles
 l - 47 sling bullets (quivered)
Armour
 b - a +1 robe (worn)
 i - a +0 cloak (worn)
Scrolls
 e - a scroll of enchant armour {unknown}
 g - 2 scrolls of remove curse
 k - 2 scrolls of fear
 m - 2 scrolls of blinking
 o - 4 scrolls of identify
 r - 4 scrolls of noise {unknown}
Jewellery
 n - a ring of sustain abilities (left hand)
 q - an uncursed ring of ice
Potions
 d - a potion of porridge
 h - a potion of curing {unknown}
 j - a potion of agility {unknown}
Books
 c - a book of Maledictions

   Spells                             Type                      Level
   *Corona                            Hexes                        1
   *Sure Blade                        Hexes/Charms                 2
   *Ensorcelled Hibernation           Hexes/Ice                    2
   Confuse                            Hexes                        3
   Dazzling Spray                     Conjuration/Hexes            3
   *Enslavement                       Hexes                        4


   Skills:
 - Level 3.0 Fighting
 - Level 3.4 Short Blades
 - Level 3.0 Dodging
 - Level 4.4 Stealth
 - Level 2.6 Spellcasting
 + Level 7.4 Hexes


You had 2 spell levels left.
You knew the following spells:

 Your Spells              Type           Power        Failure   Level  Hunger
a - Corona                Hex            ####...      1%          1    #......
b - Sure Blade            Hex/Chrm       ##........   10%         2    ##.....
c - Ensorcelled Hibernat  Hex/Ice        ##....       10%         2    ##.....
d - Enslavement           Hex            ####....     10%         4    #####..


Dungeon Overview and Level Annotations

Branches:
Dungeon (4/15)
 Temple: D:4-7

Altars:
Fedhas

Annotations:
D:4 Duvessa


Innate Abilities, Weirdness & Mutations

You are tiny and cannot use many weapons and most armour.
You have supernaturally acute eyesight.
You are a herbivore.
You cover ground extremely quickly.
You need consume almost no food.


Message History

Duvessa barely misses you.
Duvessa rages.
Cast which spell? (? or * to list)
You can't see any susceptible monsters within range! (Use Z to cast anyway.) Unknown command.
Duvessa is no longer berserk.
Cast which spell? (? or * to list)
Aiming: Ensorcelled Hibernation
Press: ? - help, Shift-Dir - straight line, f - Duvessa
Aim: Duvessa, wielding a short sword and wearing a runed leather armour (slow) Duvessa is unaffected.
Casting: Ensorcelled Hibernation
Confirm with . or Enter, or press ? or * to list all spells.
Aiming: Ensorcelled Hibernation
Press: ? - help, Shift-Dir - straight line, f/p - Duvessa
Aim: Duvessa, wielding a short sword and wearing a runed leather armour (slow) Duvessa is unaffected.
Duvessa looks more energetic.
The centaur wields a shortbow.
The centaur shoots an arrow.
The arrow hits you!
You die...

##### ###### #...# #....######
###### #...#######.#..##...#
#...<#
####...##......#@..#.#.####.####
.............c.....>.....##.#
####...##....e###..#......(.#
#...##.....# #....#....###
#...###########.#.......# #####
#.....#...#...#
#####.....#.......#
#...#.....#.....#.#
#...##'####.#.###.#


You could see Duvessa and a centaur.

Vanquished Creatures
  An ogre (D:4)
  A phantom (D:4)
  Blork the orc (D:4)
  A scorpion (D:4)
  2 orc wizards (D:3)
  8 adders
  3 gnolls (D:2)
  2 worms (D:2)
  An ooze (D:2)
  2 orcs (D:3)
  10 bats
  A bat skeleton (D:4)
  2 giant cockroaches (D:1)
  5 goblins
  5 hobgoblins
  7 kobolds
  A ball python (D:2)
  3 giant geckos
  2 jackals (D:2)
  A quokka (D:2)
  A quokka skeleton (D:4)
  5 rats
65 creatures vanquished.

Vanquished Creatures (collateral kills)
  Dowan (D:4)
1 creature vanquished.

Grand Total: 66 creatures vanquished

Notes
Turn   | Place    | Note
--------------------------------------------------------------
     0 | D:1      | Mokocchi, the Spriggan Enchanter, began the quest for the Orb.
     0 | D:1      | Reached XP level 1. HP: 9/9 MP: 4/4
   294 | D:1      | Reached XP level 2. HP: 13/13 MP: 7/7
   298 | D:1      | Learned a level 2 spell: Sure Blade
   301 | D:1      | Learned a level 2 spell: Ensorcelled Hibernation
   967 | D:2      | Reached XP level 3. HP: 16/16 MP: 1/9
  1159 | D:2      | Reached skill level 1 in Fighting
  1278 | D:2      | Reached XP level 4. HP: 23/23 MP: 6/12
  1992 | D:3      | Reached XP level 5. HP: 28/28 MP: 11/14
  2762 | D:4      | Found a blossoming altar of Fedhas.
  2771 | D:4      | Noticed an ogre
  2778 | D:4      | Killed an ogre
  2778 | D:4      | Reached skill level 5 in Hexes
  2778 | D:4      | Reached XP level 6. HP: 32/32 MP: 17/17
  2974 | D:4      | Noticed Blork the orc
  3036 | D:4      | Killed Blork the orc
  3036 | D:4      | Reached skill level 6 in Hexes
  3112 | D:4      | Learned a level 4 spell: Enslavement
  3117 | D:4      | Noticed a phantom
  3132 | D:4      | Killed a phantom
  3132 | D:4      | Reached skill level 7 in Hexes
  3145 | D:4      | Noticed Dowan
  3238 | D:4      | Noticed Duvessa
  3252 | D:4      | Killed Dowan
  3252 | D:4      | Reached XP level 7. HP: 22/36 MP: 15/19
  3272 | D:4      | Noticed a centaur
  3305 | D:4      | Shot with an arrow by a centaur

Action                   |  1- 3 |  4- 6 |  7- 9 || total
-------------------------+-------+-------+-------++-------
Melee: Dagger            |    83 |    99 |       ||   182
 Fire: Hunting sling     |       |    26 |     1 ||    27
 Cast: Corona            |     1 |       |       ||     1
       Ensorcelled Hiber |    11 |    19 |     2 ||    32
       Enslavement       |       |     1 |       ||     1
  Use: Scroll            |     6 |     3 |       ||     9
 Stab: Sleeping          |     9 |    14 |       ||    23
  Eat: Pizza             |       |     1 |       ||     1
       Bread ration      |       |     1 |       ||     1
